 Dungeon Crawl Stone Soup version 0.25.1-8-g42b30a86e7 (webtiles) character file.

Game seed: 16208258262823651376

370 Darkdai the Chopper (level 6, -1/52 HPs)
             Began as a Draconian Gladiator on Dec 28, 2020.
             Asphyxiated
             ... on level 3 of the Dungeon.
             The game lasted 00:14:39 (3322 turns).

Darkdai the Chopper (Draconian Gladiator)           Turns: 3322, Time: 00:14:40

Health: -1/52      AC:  8    Str: 17    XL:     6   Next: 42%
Magic:  6/6        EV: 18    Int:  8    God:
Gold:   167        SH:  0    Dex: 14    Spells: 5/5 levels left

rFire    . . .     SeeInvis .   j - +3 war axe
rCold    . . .     Gourm    .   (no shield)
rNeg     . . .     Faith    .   (armour unavailable)
rPois    .         Spirit   .   b - +0 hat
rElec    .         Reflect  .   p - +1 cloak
rCorr    .         Harm     .   (no gloves)
MR       .....                  (no boots)
Stlth    +++.......             (no amulet)
HPRegen  0.17/turn              h - ring of stealth
MPRegen  0.10/turn              m - +4 ring of evasion

@: lethally poisoned (-1 -> -15), invisible
A: unfitting armour, cold-blooded, AC +6
a: no special abilities


You were on level 3 of the Dungeon.
You were not hungry.

You visited 1 branch of the dungeon, and saw 3 of its levels.

You collected 167 gold pieces.

Inventory:

Hand Weapons
 a - a +0 war axe
 j - a +3 war axe (weapon)
 o - a +2 halberd of venom
Missiles
 c - 3 throwing nets (quivered)
Armour
 b - a +0 hat (worn)
 p - a +1 cloak (worn)
 q - a +1 leather armour of cold resistance
Jewellery
 h - a ring of stealth (left hand)
 m - a +4 ring of evasion (right hand)
 t - an uncursed ring of ice
Scrolls
 e - 2 scrolls of remove curse
 n - a scroll of teleportation {unknown}
 r - 2 scrolls of identify
Potions
 f - a potion of brilliance
 i - a potion of invisibility
 k - a potion of ambrosia {unknown}
 l - 2 potions of flight {unknown}
 s - 2 potions of resistance
 u - a potion of magic {unknown}
 v - a potion of mutation {unknown}
Comestibles
 d - 10 rations


   Skills:
 + Level 3.7 Fighting
 * Level 5.1 Axes
 - Level 1.9 Throwing
 + Level 4.0 Dodging
 + Level 2.3 Stealth


You had 5 spell levels left.
You didn't know any spells.
Your spell library was empty.

Dungeon Overview and Level Annotations

Branches:
Dungeon (3/15)

Altars:
Cheibriados
Kikubaaqudgha
Yredelemnul

Annotations:
D:3 lasso's ghost, amateur DsCj


Innate Abilities, Weirdness & Mutations

Your plain brown scales are hard. (AC +6)
You cannot fit into any form of body armour.
You are cold-blooded and may be slowed by cold attacks.


Message History

You feel sick. Lasso's ghost hits you.
* * * LOW HITPOINT WARNING * * *
You feel yourself slow down. Lasso's ghost freezes you.
* * * LOW HITPOINT WARNING * * *
Lasso's ghost barely misses you.
You hit lasso's ghost but do no damage.
Lasso's ghost is moderately damaged.
You feel sick. Lasso's ghost closely misses you.
It was a potion of invisibility.
You fade into invisibility!
You feel yourself speed up. Lasso's ghost misses you.
The kobold throws a curare-tipped dart.
The curare-tipped dart hits lasso's ghost.
Lasso's ghost misses you.
The kobold hits the plant but does no damage.
The kobold throws a curare-tipped dart.
The curare-tipped dart closely misses lasso's ghost.
The curare-tipped dart hits you.
You are lethally poisoned!
You have difficulty breathing.
You die...

#.# #....##.#..#...###.# #.#
#####..#.#..#.....#.#
#.########P⌠P##.#.#..#.#.#<#.#
#......##.....#(#.#..#.#.#.#.#
########$.###.'.#.####.#.#.#.###
#(.....'.K.# #.#.#......
..###.KK..# #.#.###.###
#....K#W#.# #.#.....#
##P⌠P##@#.# #.#####.###
#####.(#.# #.#........ #### .
..#.####### # #.# ###


You could see lasso's ghost and 4 kobolds.

Vanquished Creatures
  A big kobold (D:3)
  A vampire bat (D:3)
  A hound (D:2)
  An orc priest (D:3)
  2 gnolls (D:1)
  8 adders
  An ooze (D:2)
  A worm (D:3)
  A dart slug (D:1)
  4 leopard geckos
  8 orcs (D:3)
  6 bats
  3 bat skeletons (D:3)
  3 bat zombies (D:3)
  A giant cockroach (D:2)
  5 hobgoblins
  9 jackals
  2 quokkas (D:3)
  A ball python (D:1)
  5 frilled lizards
  9 goblins
  11 kobolds
  9 rats
  A spectral orc (D:3)
94 creatures vanquished.

Notes
Turn   | Place    | Note
-------+----------+-------------------------------------------
     0 | D:1      | Darkdai the Draconian Gladiator began the quest for the
                  | Orb.
     0 | D:1      | Reached XP level 1. HP: 17/17 MP: 1/1
   109 | D:1      | Reached XP level 2. HP: 23/24 MP: 2/2
   451 | D:1      | Reached XP level 3. HP: 29/30 MP: 3/3
  1375 | D:2      | Reached skill level 4 in Axes
  1375 | D:2      | Reached skill level 1 in Stealth
  1375 | D:2      | Reached XP level 4. HP: 24/37 MP: 4/4
  1626 | D:2      | Found a faded altar of an unknown god.
  1797 | D:2      | Reached XP level 5. HP: 44/45 MP: 5/5
  2423 | D:3      | Found a snail-covered altar of Cheibriados.
  2660 | D:3      | Found a basalt altar of Yredelemnul.
  3105 | D:3      | Found an ancient bone altar of Kikubaaqudgha.
  3112 | D:3      | Reached XP level 6. HP: 49/51 MP: 6/6
  3297 | D:3      | Found a runed translucent gate.
  3297 | D:3      | Found a runed translucent gate.
  3297 | D:3      | Found a runed translucent gate.
  3300 | D:3      | Noticed lasso's ghost (amateur DsCj)
  3311 | D:3      | Reached skill level 5 in Axes
  3322 | D:3      | Asphyxiated

Illustrated notes

Levels and vault maps discovered:
D:1:      nagdon_arrival_double_spiral, layout_loops_ring,
          minmay_stone_trees_large, minmay_misc_feat_ornament,
          serial_park_tiny_pond
D:2:      layout_basic, chequers_ecumenical_altar_grove, dk_vineyard_1
D:3:      kb_forest_paths, layout_basic, kennysheep_vampire_church,
          marbit_many_paths, yredelemnul_forgotten_temple_becter,
          gammafunk_ghost_nasty_kobolds, hangedman_decor_push

Skill      XL: |  1  2  3  4  5  6 |
---------------+-------------------+-----
Dodging        | 3 4 |  4.0
Axes           | 4 5 |  5.1
Stealth        | 1 2 |  2.3
Fighting       | 3 |  3.7
Throwing       | |  1.9

Action                   |  1- 3 |  4- 6 || total
-------------------------+-------+-------++-------
Melee: War axe           |    77 |   145 ||   222
       Tailslap          |    11 |    17 ||    28
  Use: Scroll            |     5 |     1 ||     6
       Potion            |     1 |     4 ||     5
 Stab: Sleeping          |     7 |     5 ||    12
  Eat: Ration            |     1 |     1 ||     2
       Chunk             |     1 |       ||     1
Armor: Skin              |    25 |    43 ||    68
Dodge: Dodged            |    57 |   157 ||   214
